 Dungeon Crawl Stone Soup version 0.17.0-28-g6e173f8 (webtiles) character file.

65 gorblad the Skirmisher (level 3, -1/33 HPs)
             Began as a Draconian Chaos Knight on Nov 30, 2015.
             Slain by a killer bee (3 damage)
             ... on level 2 of the Dungeon.
             The game lasted 00:05:03 (1801 turns).

gorblad the Skirmisher (Draconian Chaos Knight)     Turns: 1801, Time: 00:05:29

Health: -1/33      AC:  5    Str: 17    XL:     3   Next: 92%
Magic:  3/3        EV: 12    Int: 12    God:    Xom [..*...]
Gold:   161        SH:  0    Dex: 10    Spells: 0 memorised, 2 levels left

rFire  . . .     SeeInvis .     a - +0 falchion (chaos)
rCold  . . .     Clarity  .     (armour unavailable)
rNeg   . . .     SustAt   .     (no shield)
rPois  .         Gourm    .     (helmet restricted)
rElec  .         Spirit   .     (no cloak)
rCorr  .         Warding  .     (no gloves)
rMut   .         Stasis   .     (no boots)
MR     .....                    (no amulet)
Stlth  +.........               (no ring)
                                e - +2 ring of strength

@: lethally poisoned (-1 -> -10), not resistant to hostile enchantments, very
unstealthy
A: unfitting armour, cold-blooded, AC +5
a: Renounce Religion


You were on level 2 of the Dungeon.
You worshipped Xom.
You were a toy of Xom.
You were not hungry.

You visited 1 branch of the dungeon, and saw 3 of its levels.

You collected 161 gold pieces.

Inventory:

Hand Weapons
 a - a +0 falchion of chaos (weapon)
Jewellery
 e - a +2 ring of strength (left hand)
Scrolls
 c - a scroll of noise {unknown}
 f - 3 scrolls of remove curse {unknown}
 g - a scroll of blinking {unknown}
 i - a scroll of random uselessness {unknown}
 j - a scroll of immolation {unknown}
 o - a scroll of fog {unknown}
Potions
 h - a potion of brilliance {unknown}
 l - a potion of degeneration {unknown}
 m - a potion of might {unknown}
 p - a potion of lignification {unknown}
Comestibles
 b - a bread ration
 d - a beef jerky
 n - a chunk of flesh


   Skills:
 + Level 4.0 Fighting
 + Level 3.7 Long Blades
 + Level 3.0 Dodging


You had 2 spell levels left.
You didn't know any spells.

Dungeon Overview and Level Annotations

Branches:
Dungeon (3/15)

Altars:
Gozag


Innate Abilities, Weirdness & Mutations

Your plain brown scales are hard (AC +5).
Your body does not fit into most forms of armour.
You are cold-blooded and may be slowed by cold attacks.


Message History

The killer bee stings you but does no damage.
The killer bee stings you.
* * * LOW HITPOINT WARNING * * *
The killer bee stings you but does no damage.
The killer bee barely misses you. The bat barely misses you.
The killer bee stings you but does no damage.
The killer bee barely misses you.
You climb upwards.
* * * LOW HITPOINT WARNING * * *
You feel sick.
There is a stone staircase leading down here.
Drink which item? (? for menu, Esc to quit)
It was a potion of cure mutation.
It has a very clean taste.
Xom roars with laughter!
* * * LOW HITPOINT WARNING * * *
You feel sick.
The orc shouts!
The killer bee stings you.
You die...
Xom cackles wildly!

##......(###....####
#####........###..##.#
##.......#.........##.#
###........#.........##.##
#....##..................##
###........................
#..##.#.)#.#.............
#......y.y.....##..##..#.
##.##.#o@................
#.....y.##..............
#..รท.............#..###.
#.##.#.......###.#..# #.
#.####.......###.#..###.
#.# ##......#...#...... ###
#.#.#..#.#.##.####
#......#.#.##)# #
##..<##.....##.# #


You could see 3 killer bees and an orc.

Vanquished Creatures
  2 adders (D:2)
  A worm (D:2)
  A giant gecko (D:2)
  4 bats
  6 goblins
  3 hobgoblins
  2 quokkas
  A giant cockroach (D:2)
  A giant newt (D:2)
  2 jackals (D:1)
  7 kobolds
  11 rats
41 creatures vanquished.

Notes
Turn   | Place    | Note
--------------------------------------------------------------
     0 | D:1      | gorblad the Draconian Chaos Knight began the quest for the Orb.
     0 | D:1      | Reached XP level 1. HP: 19/19 MP: 1/1
   156 | D:1      | Reached XP level 2. HP: 19/26 MP: 2/2
   526 | D:1      | XOM: silly message
   675 | D:1      | XOM is BORED!
   675 | D:1      | XOM: harmless Necr miscast
   791 | D:2      | Reached XP level 3. HP: 25/33 MP: 3/3
  1081 | D:2      | Found an opulent altar of Gozag.
  1366 | D:2      | Reached skill level 4 in Fighting
  1764 | D:2      | XOM: divination: detect creatures
  1801 | D:2      | Slain by a killer bee

Action                   || total
-------------------------++-------
Melee: Falchion          ||   121
  Use: Potion            ||     1
 Stab: Sleeping          ||     1
       Paralysed         ||     3
  Eat: Chunk             ||     3
